Map: Torres Crepusculares

Players

Charoisaur

  • Race: Terran Terran
  • League: Master

TheZergLord - Winner!

  • Race: Zerg Zerg
  • League: Grandmaster

VOD

Have the link to the VOD?

Description

Time

  • Played on: May 28, 2016, 6:50 a.m.
  • Length: 17:15
Show
View Real Time Build Order
Export as new Build Order

Charoisaur Terran 

Build Orders: Reaper Expand, Hellion Banshee, MMM Bio 

Get SALT Encoding   

  12  0:01  SCV  
  13  0:13  SCV  
  14  0:19  Supply Depot  
  14  0:25  SCV  
  15  0:41  SCV  
  15  0:42  Barracks  
  16  0:46  Refinery  
  16  0:53  SCV  
  17  1:05  SCV  
  18  1:17  SCV  
  19  1:30  Reaper, Orbital Command  
  20  1:42  Command Center  
  20  1:52  Supply Depot  
  20  1:55  SCV  
  21  2:08  Factory  
  21  2:11  SCV  
  21  2:15  Refinery  
  22  2:23  SCV  
  22  2:25  Barracks Reactor  
  23  2:35  SCV  
  24  2:47  SCV  
  25  2:53  Starport  
  25  2:54  Orbital Command  
  25  2:59  SCV  
  25  3:04  Supply Depot  
  26  3:09  Hellion x2  
  30  3:13  Barracks Tech Lab  
  30  3:14  SCV  
  31  3:20  SCV  
  31  3:26  SCV  
  33  3:30  Hellion x2  
  33  3:32  SCV  
  38  3:40  SCV  
  39  3:41  Banshee, Cloaking Field  
  39  3:44  SCV  
  39  3:46  Marine  
  44  3:52  SCV  
  45  3:55  Supply Depot  
  45  3:56  SCV, Hellion  
  45  4:00  Hellion  
  50  4:04  SCV  
  50  4:09  SCV  
  52  4:16  SCV  
  53  4:21  SCV  
  54  4:27  Banshee  
  54  4:28  SCV  
  54  4:31  Command Center  
  58  4:33  SCV  
  58  4:36  Barracks Tech Lab  
  58  4:37  Supply Depot  
  59  4:40  SCV  
  59  4:45  SCV  
  61  4:51  Barracks  
  61  4:52  Barracks  
  61  5:00  Barracks  
  61  5:01  Barracks  
  61  5:02  Stimpack  
  61  5:05  SCV x2  
  63  5:17  SCV x2  
  63  5:18  Engineering Bay  
  63  5:20  Engineering Bay  
  65  5:29  SCV  
  65  5:32  SCV  
  65  5:33  Marine  
  68  5:41  SCV  
  69  5:43  Barracks Reactor x2  
  69  5:44  Orbital Command  
  69  5:45  Siege Tank  
  69  5:47  SCV  
  69  5:48  Refinery x2  
  73  5:54  SCV, Terran Infantry Armor Level 1, Barracks Reactor x2, Terran Infantry Weapons Level 1  
  74  6:05  Missile Turret  
  74  6:07  Missile Turret  
  74  6:08  Orbital Command  
  74  6:09  Supply Depot  
  74  6:11  Supply Depot x2  
  74  6:13  Supply Depot  
  74  6:20  SCV x2  
  76  6:30  Marine x3  
  76  6:31  Marine x6  
  76  6:32  SCV  
  86  6:34  SCV x2  
  88  6:44  SCV  
  88  6:46  SCV x2  
  91  6:48  Marine  
  91  6:49  Marine x2  
  91  6:53  Marine x5  
  91  6:54  Marine  
  100  6:56  SCV, Armory  
  100  6:58  Supply Depot  
  100  7:00  SCV x2, Supply Depot  
  100  7:01  Supply Depot  
  103  7:02  Medivac x2  
  103  7:04  Siege Tank  
  103  7:07  Marine x2  
  103  7:08  Marine  
  113  7:11  Combat Shields, Marine  
  113  7:12  SCV x2  
  113  7:13  SCV  
  117  7:20  Marine x5  
  119  7:29  Supply Depot  
  119  7:30  Supply Depot  
  119  7:32  Marine x4  
  119  7:36  Medivac x2  
  127  7:38  Marine  
  127  7:40  Supply Depot  
  127  7:41  Supply Depot  
  128  7:47  Marine x4  
  132  8:00  Marine x5  
  132  8:04  Barracks x2  
  132  8:05  Thor, Marine  
  144  8:06  Terran Infantry Weapons Level 2  
  144  8:09  Terran Infantry Armor Level 2  
  144  8:24  Marine x6  
  144  8:25  Marine x3  
  152  8:38  Medivac x2  
  151  8:42  Marine x7  
  151  8:43  Marine  
  119  8:51  Thor  
  117  8:56  Marine x3  
  116  9:08  Marine x3  
  116  9:09  Marine x5  
  124  9:12  Medivac  
  124  9:13  Medivac  
  124  9:14  Marauder  
  124  9:15  Barracks Tech Lab  
  124  9:16  Barracks Tech Lab  
  130  9:26  Marine x3  
  130  9:29  Marine x5  
  136  9:34  Marauder  
  136  9:35  Marauder  
  136  9:36  Marauder  
  142  9:40  Thor  
  142  9:44  Marine x3  
  151  9:46  Marine  
  151  9:47  Marine x2  
  151  9:50  Marine x2  
  156  9:54  Supply Depot x2  
  156  9:56  Marauder x2  
  156  9:57  Marauder  
  162  10:02  Marine x3  
  162  10:03  Supply Depot  
  162  10:04  Marine, Supply Depot  
  166  10:08  Marine x2  
  168  10:17  Marauder x2  
  168  10:19  Marauder  
  174  10:21  Marine x4  
  174  10:22  Marine  
  144  10:39  Marine, Marauder x2  
  144  10:40  Marauder  
  129  10:45  Marine x6  
  129  10:46  Marine  
  124  10:51  Medivac  
  124  10:52  Medivac  
  128  10:57  Marine  
  128  11:00  Marauder x2  
  128  11:01  Marauder  
  128  11:03  Marine x7  
  142  11:05  Thor  
  141  11:15  Marine  
  133  11:20  Marine  
  133  11:21  Marine x5  
  133  11:22  Marine x2  
  133  11:23  Marine x2  
  129  11:29  Medivac x2  
  133  11:32  Marine  
  133  11:33  Terran Infantry Weapons Level 3  
  133  11:38  Orbital Command  
  134  11:40  Marine x2  
  134  11:41  Marine x4  
  140  11:51  Marine x4  
  140  11:54  Thor  
  144  12:00  Liberator x2  
  125  12:04  Marine x7  
  127  12:18  Marine x4  
  127  12:22  Marine x3  
  140  12:23  Marauder  
  140  12:27  Missile Turret  
  142  12:33  Marine x3  
  142  12:35  Marine  
  142  12:36  Marine  
  149  12:37  Marauder x2  
  149  12:39  Marine x2  
  149  12:40  Marine  
  149  12:43  Liberator  
  154  12:45  Marine  
  154  12:50  Refinery  
  154  12:51  Refinery x2, Marine x3  
  157  12:57  Marine  
  157  12:58  Marine x5, Marauder  
  165  13:03  Marine  
  170  13:05  Liberator  
  170  13:10  Marine x3  
  173  13:15  Marine x2  
  170  13:36  Thor  
  176  13:41  Liberator, Marine  
  176  13:42  Marine x8, Marauder  
  113  14:11  Liberator  
  113  14:16  Marine x6, Marauder x3  
  113  14:29  Thor, Marine  
  113  14:30  Marine  
  121  14:33  Marine  
  121  14:34  Refinery, Marine x2  
  121  14:35  Marine x3  
  121  14:37  Marine x2  
  129  14:44  Marauder  
  129  14:45  Medivac  
  133  14:50  Marine x2  
  133  14:51  Marine  
  133  14:52  Marine x2  
  136  14:55  Starport, Marauder x2  
  136  14:56  Command Center  
  136  14:57  Liberator  
  136  14:58  Marine x3  
  145  15:05  Marauder  
  147  15:07  Marine  
  147  15:08  Marine  
  147  15:09  Marine  
  147  15:12  Marine x2  
  155  15:16  Marauder  
  155  15:17  Liberator  
  157  15:34  Thor  
  166  15:41  Liberator  
  157  15:52  Marine x3  
  157  15:53  Marine x5, Marauder x2  
  104  16:10  Marine x2  
  87  16:15  Marine  
  73  16:27  Marine x4  
  44  16:44  Marine  
Show
View Real Time Build Order
Export as new Build Order

TheZergLord Zerg - Winner!

Build Orders: Hatch First, Muta Ling Bane 

Get SALT Encoding   

  12  0:01  Drone  
  13  0:13  Overlord  
  13  0:18  Drone  
  14  0:32  Drone  
  14  0:33  Drone  
  14  0:35  Drone  
  17  0:55  Hatchery  
  16  0:57  Drone  
  17  1:09  Spawning Pool  
  16  1:13  Drone  
  16  1:16  Extractor  
  16  1:18  Drone  
  17  1:22  Drone  
  18  1:29  Drone  
  19  1:40  Overlord  
  19  1:57  Queen  
  19  1:58  Zergling x2  
  22  2:02  Zergling x2  
  22  2:07  Queen  
  22  2:08  Zergling x2  
  26  2:12  Drone  
  27  2:21  Metabolic Boost  
  27  2:23  Drone x2  
  27  2:29  Drone  
  30  2:34  Drone  
  31  2:41  Drone  
  32  2:49  Hatchery  
  31  2:53  Queen  
  31  2:57  Overlord  
  33  3:00  Drone  
  33  3:01  Drone  
  33  3:03  Drone  
  36  3:20  Drone x3  
  36  3:22  Overlord  
  36  3:26  Drone x4  
  43  3:40  Drone  
  44  3:41  Overlord x2  
  44  3:42  Drone  
  44  3:43  Queen, Drone  
  44  3:47  Queen  
  50  3:51  Drone x2  
  52  4:02  Spine Crawler  
  51  4:04  Queen  
  53  4:13  Zergling x2  
  53  4:14  Zergling x6  
  57  4:24  Spine Crawler  
  57  4:26  Queen  
  57  4:29  Lair  
  59  4:34  Drone x2  
  65  4:38  Drone x5  
  65  4:41  Spore Crawler x2  
  64  4:46  Drone, Spore Crawler  
  64  4:47  Drone x2  
  66  4:58  Overlord  
  66  4:59  Overlord  
  66  5:04  Evolution Chamber  
  66  5:06  Baneling Nest  
  63  5:09  Drone x2  
  63  5:12  Drone  
  65  5:16  Overlord  
  65  5:19  Drone x12  
  77  5:25  Drone  
  78  5:30  Overseer  
  78  5:38  Extractor  
  78  5:40  Extractor  
  78  5:42  Extractor  
  72  5:43  Drone x4  
  72  5:44  Drone  
  77  5:50  Zerg Ground Armor Level 1  
  77  5:51  Drone x6, Hatchery  
  77  5:52  Drone x3  
  77  5:54  Drone  
  86  5:58  Drone x2  
  86  6:01  Extractor  
  86  6:02  Extractor  
  86  6:08  Drone x2  
  88  6:17  Drone x2  
  90  6:18  Overlord x2  
  90  6:19  Overlord  
  90  6:21  Centrifical Hooks  
  89  6:41  Spire  
  89  6:43  Drone x2  
  90  6:49  Zergling x2  
  90  6:50  Zergling x28  
  90  6:52  Overseer  
  105  7:02  Hatchery  
  105  7:08  Queen  
  104  7:12  Baneling x2  
  104  7:13  Baneling x6  
  106  7:21  Zergling x2  
  106  7:22  Zergling x8  
  111  7:27  Overlord x4  
  111  7:28  Overlord  
  111  7:40  Overlord x2  
  111  7:41  Overlord  
  111  7:47  Zerg Melee Weapons Level 1  
  111  7:50  Drone  
  112  7:53  Evolution Chamber  
  112  7:55  Mutalisk  
  112  7:56  Mutalisk x8  
  129  8:03  Zergling x2  
  129  8:04  Zergling x18  
  139  8:15  Baneling  
  139  8:16  Baneling x14  
  139  8:17  Zergling x6  
  139  8:18  Zergling x16  
  150  8:28  Pneumatized Carapace  
  150  8:33  Zergling x2  
  152  8:34  Zergling x18  
  151  8:48  Zergling x8  
  123  8:50  Drone x2  
  123  8:51  Drone x4  
  123  8:54  Extractor x2  
  121  8:56  Zerg Ground Armor Level 2, Drone x2  
  121  9:01  Drone  
  121  9:02  Drone x3  
  127  9:08  Drone  
  128  9:10  Infestation Pit  
  128  9:15  Baneling  
  128  9:16  Baneling x14  
  127  9:17  Mutalisk x2  
  127  9:20  Drone x4  
  127  9:21  Drone  
  127  9:22  Zergling x2  
  137  9:35  Hatchery  
  136  9:40  Zergling x26  
  136  9:43  Baneling  
  136  9:44  Baneling x10  
  149  9:45  Mutalisk x2  
  149  9:46  Mutalisk  
  155  9:58  Zergling x2  
  155  9:59  Zergling x20  
  166  10:01  Hive  
  166  10:08  Zergling x4  
  166  10:09  Zergling x10  
  173  10:16  Baneling  
  173  10:17  Baneling x16  
  124  10:43  Zergling x2  
  124  10:44  Zergling x42  
  142  10:50  Queen, Zerg Melee Weapons Level 2  
  142  10:54  Baneling x2  
  142  10:56  Zergling x4  
  142  10:57  Zergling x22  
  147  11:03  Mutalisk x4  
  147  11:04  Mutalisk x3  
  161  11:17  Zergling x10  
  161  11:18  Zergling x10  
  140  11:25  Baneling  
  140  11:26  Baneling x12  
  140  11:27  Zergling x6  
  140  11:28  Zergling x12  
  149  11:35  Adrenal Glands  
  149  11:36  Drone  
  149  11:37  Ultralisk Cavern  
  149  11:40  Zergling x8  
  149  11:41  Zergling x4  
  155  12:00  Zergling x2  
  155  12:01  Zergling x30  
  146  12:03  Zerg Ground Armor Level 3  
  152  12:19  Baneling x4  
  152  12:20  Zergling x8, Baneling  
  152  12:21  Zergling x20  
  166  12:31  Chitinous Plating  
  166  12:35  Ultralisk  
  172  12:38  Ultralisk  
  178  12:49  Zergling x2  
  178  12:50  Zergling x2  
  180  12:53  Overlord x2  
  180  12:57  Baneling x10  
  180  12:58  Baneling x9  
  180  13:09  Zerg Melee Weapons Level 3  
  180  13:16  Overseer  
  180  13:18  Drone  
  181  13:30  Hatchery  
  179  13:35  Hatchery  
  179  13:37  Hatchery  
  179  13:38  Zergling x8  
  179  13:41  Overlord x3  
  121  14:17  Hatchery  
  121  14:20  Ultralisk x3  
  121  14:21  Ultralisk x2  
  146  14:32  Mutalisk x4  
  146  14:33  Mutalisk x3  
  160  14:51  Zergling x6  
  160  14:52  Zergling x22  
  174  15:01  Greater Spire  
  174  15:07  Zergling x18  
  183  15:23  Zergling x26  
  193  15:38  Corruptor x3  
  162  16:00  Ultralisk x3  
  176  16:19  Zergling x2  
  176  16:20  Ultralisk x3  
  189  16:37  Corruptor x3  
Tags
 
Add a new tag
Caveats
  • Supply blocks, unpowered buildings, or Contaminate may cause inaccurate times.
  • Supply counts are checked every 10 seconds.